 Dungeon Crawl Stone Soup version 0.22-a0-346-ga714374 (webtiles) character file.

12725 xccam the Archer (level 11, 0/86 HPs)
             Began as a Gnoll Wanderer on Apr 6, 2018.
             Was the Champion of Cheibriados.
             Slain by a troll (10 damage)
             ... on level 11 of the Dungeon.
             The game lasted 00:19:16 (9198 turns).

xccam the Archer (Gnoll Wanderer)                   Turns: 9198, Time: 00:19:17

Health: 0/86       AC: 10    Str: 33    XL:     11   Next: 97%
Magic:  16/21      EV: 18    Int: 28    God:    Cheibriados [******]
Gold:   680        SH:  0    Dex: 31    Spells: 23/23 levels left

rFire    . . .     SeeInvis .   c - +2 scimitar (slice)
rCold    . . .     Gourm    .   (no shield)
rNeg     . . .     Faith    .   C - +0 scale mail
rPois    .         Spirit   .   s - +0 helmet
rElec    .         Reflect  .   (no cloak)
rCorr    .         Harm     .   (no gloves)
MR       .....                  x - +0 pair of boots
Stlth    +++.......             e - amulet of regeneration
HPRegen  0.64/turn              (no ring)
MPRegen  0.17/turn              (no ring)

@: very slow
A: distributed training, fangs 1, strong nose
a: Bend Time, Temporal Distortion, Slouch, Step From Time, Renounce Religion


You were on level 11 of the Dungeon.
You worshipped Cheibriados.
Cheibriados was exalted by your worship.
You were hungry.

You visited 1 branch of the dungeon, and saw 11 of its levels.

You collected 680 gold pieces.

Inventory:

Hand Weapons
 a - a +2 shortbow
 c - a +2 scimitar of slicing (weapon)
Missiles
 b - 219 arrows
Armour
 d - a +0 plate armour
 s - a +0 helmet (worn)
 x - a +0 pair of boots (worn)
 B - a +2 buckler
 C - a +0 scale mail (worn)
Jewellery
 e - an amulet of regeneration (around neck)
 w - an uncursed amulet of magic regeneration
Wands
 l - a wand of scattershot (2)
 y - a wand of disintegration (21)
 A - a wand of flame (42)
Scrolls
 g - 3 scrolls of identify
 i - a scroll of noise {unknown}
 j - 2 scrolls of remove curse
 m - 3 scrolls of enchant weapon {unknown}
 n - 2 scrolls of fear {unknown}
 p - a scroll of amnesia
 t - a scroll of random uselessness {unknown}
 u - 3 scrolls of teleportation {unknown}
 v - 2 scrolls of blinking {unknown}
 E - 3 scrolls of fog {unknown}
 H - 2 scrolls of enchant armour {unknown}
Potions
 h - a potion of mutation
 k - a potion of heal wounds
 o - 6 potions of curing
 q - 4 potions of agility
 r - 2 potions of brilliance
 z - 2 potions of magic
 D - a potion of invisibility {unknown}
 G - a potion of resistance {unknown}
Comestibles
 f - 23 rations


   Skills:
 + Level 8.2 Fighting
 + Level 6.6 Short Blades
 + Level 8.2 Long Blades
 + Level 6.6 Axes
 + Level 6.6 Maces & Flails
 + Level 6.6 Polearms
 + Level 6.6 Staves
 + Level 6.6 Slings
 + Level 9.4 Bows
 + Level 6.6 Crossbows
 + Level 6.6 Throwing
 + Level 7.2 Armour
 + Level 6.6 Dodging
 + Level 7.1 Stealth
 + Level 7.2 Shields
 + Level 6.6 Unarmed Combat
 + Level 6.6 Spellcasting
 + Level 5.5 Conjurations
 + Level 5.5 Hexes
 + Level 5.5 Charms
 + Level 5.5 Summonings
 + Level 5.5 Necromancy
 + Level 5.5 Translocations
 + Level 5.5 Transmutations
 + Level 5.5 Fire Magic
 + Level 5.5 Ice Magic
 + Level 5.5 Air Magic
 + Level 5.5 Earth Magic
 + Level 5.5 Poison Magic
 + Level 7.3 Invocations
 + Level 6.6 Evocations


You had 23 spell levels left.
You didn't know any spells.

Dungeon Overview and Level Annotations

Branches:
Dungeon (11/15)            Temple (0/1) D:7            Lair (0/6) D:8
    Orc: D:9-12

Altars:
Cheibriados
Okawaru
Trog

Shops:
D:5 }*[:*   D:7 ?   D:8 %


Innate Abilities, Weirdness & Mutations

Your experience applies equally to all skills.
You have very sharp teeth.
Your uncanny sense of smell can sniff out nearby items.


Message History

You barely miss the troll. Your punch misses the troll.
The troll is moderately wounded.
The troll bites you but does no damage. The troll closely misses you.
The troll completely misses you.
You closely miss the troll. You bite the troll, but do no damage.
The troll is moderately wounded.
The troll closely misses you. The troll misses you. The troll claws you!
* * * LOW HITPOINT WARNING * * *
You hit the troll.
The troll is moderately wounded.
The troll bites you but does no damage. The troll claws you!
* * * LOW HITPOINT WARNING * * *
The troll misses you.
Unknown command.
You can feel time thicken for a moment.
You kill the orc!
Cheibriados thoroughly appreciates the change of pace.
You are feeling hungry.
The troll bites you!
You die...

........##....≈≈#≈≈≈≈≈≈.
.....(.(##....≈≈≈≈≈≈≈≈≈≈
...ho(..##≈≈≈≈≈≈≈≈≈≈≈≈≈≈
.....{.o#≈≈≈≈≈≈≈≈≈≈≈≈≈≈≈
.....o(.#≈≈≈≈≈≈≈≈≈≈≈≈≈≈≈
....)..)##≈≈≈≈≈≈≈≈≈≈≈≈≈#
#{o##≈≈≈≈≈≈#≈≈....
####T###≈≈≈≈###≈.<..
#..@.....≈≈.###.....
#........##.##≈.....
#........##.#≈≈≈....
#........##.≈≈≈≈....
############†####≈≈≈≈≈....
.........# #.###≈≈≈≈≈≈≈≈≈#
.........# #.##≈≈≈≈≈≈≈≈≈≈#
.........##
#†#≈≈≈≈≈≈≈≈≈≈≈#
..........#
#..≈≈≈≈≈≈≈≈≈≈≈#


You could see a troll and an orc.

Vanquished Creatures
  3 two-headed ogres
  The ghost of whitenoisemaker the Grappler, a novice TrMo of Elyvilon (D:7)
  2 unseen horrors (D:11)
  Pikel (D:7)
  A komodo dragon (D:11)
  Grinder (D:5)
  A hornet (D:10)
  2 hippogriffs (D:8)
  A spriggan (D:8)
  A wraith (D:10)
  9 yaks
  2 water elementals (D:11)
  2 humans (D:8)
  A hungry ghost (D:7)
  A steam dragon (D:9)
  Edmund (D:6)
  3 porcupines (D:8)
  4 orc warriors
  5 sky beasts
  An ice beast (D:5)
  A slave (D:7)
  2 black bears (D:8)
  A necrophage (D:11)
  2 phantoms
  3 ogres
  A crocodile (D:8)
  7 centaurs
  A big kobold (D:7)
  10 bullfrogs
  2 scorpions
  7 wights
  4 howler monkeys
  2 electric eels (D:11)
  2 crimson imps
  2 bullfrog zombies (D:5)
  A quasit (D:6)
  10 hounds
  2 centaur skeletons (D:8)
  2 orc priests
  3 bullfrog skeletons
  A jelly (D:11)
  11 orc wizards
  2 iguanas
  8 worker ants
  A hound zombie (D:9)
  Robin (D:4)
  9 adders
  6 river rats (D:10)
  2 shadow imps
  2 oozes
  2 adder skeletons
  An adder zombie (D:8)
  2 worms
  2 dart slugs
  8 leopard geckos
  40 orcs
  A bat (D:3)
  5 giant cockroaches
  13 goblins
  9 hobgoblins
  14 jackals
  5 quokkas
  A ball python (D:6)
  5 frilled lizards
  4 kobolds
  A quokka zombie (D:8)
  22 rats
286 creatures vanquished.

Vanquished Creatures (others)
  A butterfly (D:7)
  17 fungi (D:8)
  16 plants (D:8)
34 creatures vanquished.

Grand Total: 320 creatures vanquished

Notes
Turn   | Place    | Note
-------+----------+-------------------------------------------
     0 | D:1      | xccam the Gnoll Wanderer began the quest for the Orb.
     0 | D:1      | xccam set off with: a +2 shortbow, 26 arrows, a +0 short sword, a +0 falchion, a +0 robe, a ration
     0 | D:1      | Reached XP level 1. HP: 20/20 MP: 1/1
   349 | D:1      | Reached XP level 2. HP: 26/26 MP: 2/2
   498 | D:2      | Reached XP level 3. HP: 17/31 MP: 3/3
   711 | D:2      | Found a faded altar of an unknown god.
   713 | D:2      | Became a worshipper of Cheibriados the Contemplative
   713 | D:2      | Reached * piety under Cheibriados
   947 | D:2      | Reached skill level 1 in Invocations
  1318 | D:3      | Reached skill level 1 in Short Blades
  1318 | D:3      | Reached skill level 1 in Axes
  1318 | D:3      | Reached skill level 1 in Maces & Flails
  1318 | D:3      | Reached skill level 1 in Polearms
  1318 | D:3      | Reached skill level 1 in Staves
  1318 | D:3      | Reached skill level 1 in Slings
  1318 | D:3      | Reached skill level 1 in Crossbows
  1318 | D:3      | Reached skill level 1 in Throwing
  1318 | D:3      | Reached skill level 1 in Dodging
  1318 | D:3      | Reached skill level 1 in Unarmed Combat
  1318 | D:3      | Reached skill level 1 in Spellcasting
  1318 | D:3      | Reached skill level 1 in Evocations
  1361 | D:3      | Reached XP level 4. HP: 38/38 MP: 5/5
  1400 | D:3      | Reached skill level 1 in Conjurations
  1400 | D:3      | Reached skill level 1 in Hexes
  1400 | D:3      | Reached skill level 1 in Charms
  1400 | D:3      | Reached skill level 1 in Summonings
  1400 | D:3      | Reached skill level 1 in Necromancy
  1400 | D:3      | Reached skill level 1 in Translocations
  1400 | D:3      | Reached skill level 1 in Transmutations
  1400 | D:3      | Reached skill level 1 in Fire Magic
  1400 | D:3      | Reached skill level 1 in Ice Magic
  1400 | D:3      | Reached skill level 1 in Air Magic
  1400 | D:3      | Reached skill level 1 in Earth Magic
  1400 | D:3      | Reached skill level 1 in Poison Magic
  1403 | D:3      | Reached ** piety under Cheibriados
  1558 | D:3      | Reached XP level 5. HP: 31/43 MP: 5/7
  2202 | D:4      | Reached XP level 6. HP: 50/50 MP: 8/8
  2258 | D:4      | Reached skill level 5 in Fighting
  2258 | D:4      | Reached skill level 5 in Long Blades
  2425 | D:4      | Reached *** piety under Cheibriados
  2440 | D:4      | Noticed Robin
  2447 | D:4      | Killed Robin
  2447 | D:4      | Reached XP level 7. HP: 47/56 MP: 10/10
  3004 | D:4      | Reached skill level 7 in Bows
  3436 | D:5      | Entered Level 5 of the Dungeon
  3436 | D:5      | Found Meutuxko's Armour Boutique.
  3481 | D:5      | Found Gaeneps's Book Shoppe.
  3495 | D:5      | Found Vebbuzol's General Store.
  3609 | D:5      | Reached **** piety under Cheibriados
  3692 | D:5      | Noticed Grinder
  3713 | D:5      | Killed Grinder
  3713 | D:5      | Reached XP level 8. HP: 55/63 MP: 12/12
  3741 | D:5      | Found Qaedwublui's Assorted Antiques.
  3850 | D:5      | Found Wuattieb's Gadget Shop.
  4747 | D:6      | Reached XP level 9. HP: 69/69 MP: 14/14
  4897 | D:6      | Noticed Edmund
  4914 | D:6      | Killed Edmund
  4914 | D:6      | Reached ***** piety under Cheibriados
  5420 | D:7      | Noticed whitenoisemaker's ghost (novice TrMo)
  5443 | D:7      | Killed whitenoisemaker's ghost
  5443 | D:7      | Reached skill level 5 in Armour
  5443 | D:7      | Reached skill level 5 in Shields
  5498 | D:7      | Found a staircase to the Ecumenical Temple.
  5502 | D:7      | Reached skill level 5 in Stealth
  5741 | D:7      | Reached skill level 8 in Bows
  5830 | D:7      | Found Fiuguav's Magic Scroll Shoppe.
  5848 | D:7      | Reached skill level 5 in Invocations
  5896 | D:7      | Noticed Pikel
  5917 | D:7      | Killed Pikel
  5917 | D:7      | Reached XP level 10. HP: 42/77 MP: 15/17
  6290 | D:8      | Reached skill level 5 in Short Blades
  6290 | D:8      | Reached skill level 5 in Axes
  6290 | D:8      | Reached skill level 5 in Maces & Flails
  6290 | D:8      | Reached skill level 5 in Polearms
  6290 | D:8      | Reached skill level 5 in Staves
  6290 | D:8      | Reached skill level 5 in Slings
  6290 | D:8      | Reached skill level 5 in Crossbows
  6290 | D:8      | Reached skill level 5 in Throwing
  6290 | D:8      | Reached skill level 5 in Dodging
  6290 | D:8      | Reached skill level 5 in Unarmed Combat
  6290 | D:8      | Reached skill level 5 in Spellcasting
  6290 | D:8      | Reached skill level 5 in Evocations
  6614 | D:8      | Found a staircase to the Lair.
  6851 | D:8      | Noticed a two-headed ogre
  7150 | D:8      | Found a bloodstained altar of Trog.
  7152 | D:8      | Noticed a two-headed ogre
  7158 | D:8      | Killed a two-headed ogre
  7216 | D:8      | Found an iron altar of Okawaru.
  7233 | D:8      | Reached XP level 11. HP: 63/84 MP: 19/19
  7244 | D:8      | Found Tiqin's Food Shop.
  7487 | D:8      | Killed a two-headed ogre
  7764 | D:9      | Reached skill level 9 in Bows
  7927 | D:9      | Reached skill level 5 in Conjurations
  7927 | D:9      | Reached skill level 5 in Hexes
  7927 | D:9      | Reached skill level 5 in Charms
  7927 | D:9      | Reached skill level 5 in Summonings
  7927 | D:9      | Reached skill level 5 in Necromancy
  7927 | D:9      | Reached skill level 5 in Translocations
  7927 | D:9      | Reached skill level 5 in Transmutations
  7927 | D:9      | Reached skill level 5 in Fire Magic
  7927 | D:9      | Reached skill level 5 in Ice Magic
  7927 | D:9      | Reached skill level 5 in Air Magic
  7927 | D:9      | Reached skill level 5 in Earth Magic
  7927 | D:9      | Reached skill level 5 in Poison Magic
  8056 | D:9      | Noticed a two-headed ogre
  8075 | D:9      | Killed a two-headed ogre
  8082 | D:9      | Reached ****** piety under Cheibriados
  8333 | D:10     | Entered Level 10 of the Dungeon
  9000 | D:11     | Killed an unseen horror
  9023 | D:11     | Killed an unseen horror
  9198 | D:11     | Slain by a troll

Vault maps used:
D:1:      nzn_arrival_settlement
D:2:      chequers_ecumenical_altar_twisty
D:3:      first_ration
D:4:      uniq_robin
D:5:      serial_shops, shop, nicolae_shop_statue_plus, shop,
          nicolae_shop_crystal, shop, uniq_grinder
D:6:      uniq_edmund
D:7:      minmay_temple_entry_butterflies, serial_shops, shop, uniq_pikel
D:8:      okawaru_humans, due_lair_maze_entry_diamond, serial_shops,
          nicolae_shop_waterfront, the_bakery, trog_ov_bears_minmay
D:10:     dk_rats_in_the_wall
D:11:     hangedman_decor_push

Skill      XL: |  1  2  3  4  5  6  7  8  9 10 11 |
---------------+----------------------------------+-----
Invocations    | 1 2 3 4 5 6 7 |  7.3
Short Blades   | 1 2 3 4 5 6 |  6.6
Axes           | 1 2 3 4 5 6 |  6.6
Maces & Flails | 1 2 3 4 5 6 |  6.6
Polearms       | 1 2 3 4 5 6 |  6.6
Staves         | 1 2 3 4 5 6 |  6.6
Slings         | 1 2 3 4 5 6 |  6.6
Crossbows      | 1 2 3 4 5 6 |  6.6
Throwing       | 1 2 3 4 5 6 |  6.6
Dodging        | 1 2 3 4 5 6 |  6.6
Unarmed Combat | 1 2 3 4 5 6 |  6.6
Spellcasting   | 1 2 3 4 5 6 |  6.6
Evocations     | 1 2 3 4 5 6 |  6.6
Conjurations   | 1 2 3 4 5 |  5.5
Hexes          | 1 2 3 4 5 |  5.5
Charms         | 1 2 3 4 5 |  5.5
Summonings     | 1 2 3 4 5 |  5.5
Necromancy     | 1 2 3 4 5 |  5.5
Translocations | 1 2 3 4 5 |  5.5
Transmutations | 1 2 3 4 5 |  5.5
Fire Magic     | 1 2 3 4 5 |  5.5
Ice Magic      | 1 2 3 4 5 |  5.5
Air Magic      | 1 2 3 4 5 |  5.5
Earth Magic    | 1 2 3 4 5 |  5.5
Poison Magic   | 1 2 3 4 5 |  5.5
Armour         | 3 4 5 6 7 |  7.2
Shields        | 3 4 5 6 7 |  7.2
Stealth        | 3 4 5 6 7 |  7.1
Fighting       | 5 6 7 8 |  8.2
Long Blades    | 5 6 7 8 |  8.2
Bows           | 7 8 9 |  9.4

Action                   |  1- 3 |  4- 6 |  7- 9 | 10-12 || total
-------------------------+-------+-------+-------+-------++-------
Melee: Falchion          |       |    17 |    18 |   107 ||   142
       Bite              |       |     5 |     7 |    55 ||    67
       Punch             |       |     1 |     2 |     5 ||     8
       Scimitar          |       |       |       |   145 ||   145
 Fire: Shortbow          |    68 |   132 |   308 |   178 ||   686
Invok: Slouch            |       |       |       |     1 ||     1
Evoke: Wand              |       |       |       |     4 ||     4
  Use: Scroll            |       |       |     7 |     7 ||    14
       Potion            |       |       |     5 |     2 ||     7
 Stab: Sleeping          |       |       |       |    10 ||    10
       Distracted        |       |       |       |     1 ||     1
  Eat: Chunk             |       |     1 |     6 |     6 ||    13
       Ration            |       |       |     1 |       ||     1
Armor: Robe              |     3 |     8 |     3 |       ||    14
       Ring mail         |       |       |    44 |    28 ||    72
       Skin              |       |       |       |    27 ||    27
       Scale mail        |       |       |       |    46 ||    46
Dodge: Dodged            |    12 |    43 |    82 |   208 ||   345
Block: Buckler           |       |       |       |    37 ||    37
       Rpst.: Falchion   |       |     3 |    13 |    20 ||    36
       Scimitar          |       |       |       |    30 ||    30

Table legend:
 A = Spawn XP
 B = Non-spawn XP
 C = Spawn XP percentage of total XP
 D = Spawn monster count
 E = Non-spawn monster count
 F = Spawn count percentage of total count
 G = Total turns spent on level
                    A         B        C        D         E        F      G
               +---------+---------+-------+---------+---------+-------+---------
         Total |       0 |   18179 |   0.0 |       0 |     285 |   0.0 |  9198
               +---------+---------+-------+---------+---------+-------+---------
           D:1 |       0 |      16 |   0.0 |       0 |       7 |   0.0 |   450
           D:2 |       0 |      57 |   0.0 |       0 |      21 |   0.0 |   866
           D:3 |       0 |     207 |   0.0 |       0 |      32 |   0.0 |   827
           D:4 |       0 |     462 |   0.0 |       0 |      27 |   0.0 |  1293
           D:5 |       0 |    1196 |   0.0 |       0 |      23 |   0.0 |   951
           D:6 |       0 |     864 |   0.0 |       0 |      22 |   0.0 |  1028
           D:7 |       0 |    2615 |   0.0 |       0 |      31 |   0.0 |   857
           D:8 |       0 |    5172 |   0.0 |       0 |      40 |   0.0 |  1395
           D:9 |       0 |    2230 |   0.0 |       0 |      23 |   0.0 |   666
          D:10 |       0 |    1129 |   0.0 |       0 |      34 |   0.0 |   624
          D:11 |       0 |    4231 |   0.0 |       0 |      25 |   0.0 |   241
               +---------+---------+-------+---------+---------+-------+---------
